Map: Deathaura LE

Players

A.I. 2 (Very Easy)

  • Race: Zerg Zerg
  • Spawn Location: 11:00

TurkeyDano - Winner!

  • Race: Protoss Protoss
  • League: Grandmaster
  • Spawn Location: 5:00

VOD

Have the link to the VOD?

Description

Time

  • Played on: March 11, 2021, 10:44 a.m.
  • Length: 5:37
Show
View Real Time Build Order
Export as new Build Order

A.I. 2 (Very Easy) Zerg 

Build Orders: Pool Only 

Get SALT Encoding   

  12  0:01  Drone  
  13  0:12  Overlord  
  13  0:16  Drone  
  14  0:35  Spawning Pool  
  13  0:37  Extractor  
  13  0:39  Drone  
  13  0:47  Drone  
  14  0:53  Overlord  
  14  1:22  Zergling x2  
  14  1:24  Queen  
  17  1:32  Roach Warren  
  16  1:35  Drone  
  16  1:38  Extractor  
  16  1:44  Drone  
  17  1:49  Zergling x2  
  18  2:03  Drone  
  19  2:10  Drone  
  18  2:16  Zergling x2  
  19  2:37  Overlord  
  19  2:42  Drone  
  19  2:44  Roach  
  22  3:01  Drone  
  23  3:08  Drone  
  23  3:11  Zergling x2  
  25  3:15  Drone  
  25  3:38  Zergling x2  
  26  4:05  Zergling x2  
  27  4:37  Zergling x2  
  28  4:41  Queen  
  23  4:55  Drone  
  22  5:03  Drone  
  22  5:04  Zergling x2  
  18  5:10  Overlord, Drone  
  15  5:17  Drone  
  11  5:24  Drone  
Show
View Real Time Build Order
Export as new Build Order

TurkeyDano Protoss - Winner!

Build Orders: Cannon Rush 

Get SALT Encoding   

  12  0:00  Probe  
  13  0:12  Probe  
  14  0:17  Pylon  
  14  0:24  Probe (Chrono Boost)  
  15  0:36  Probe (Chrono Boost)  
  15  0:39  Forge  
  16  0:44  Probe (Chrono Boost)  
  17  0:53  Pylon  
  17  1:03  Probe  
  18  1:11  Gateway  
  18  1:13  Photon Cannon  
  18  1:16  Probe  
  19  1:27  Assimilator  
  19  1:28  Probe  
  20  1:36  Photon Cannon  
  20  1:43  Probe  
  21  1:55  Photon Cannon  
  21  2:00  Cybernetics Core  
  21  2:01  Probe  
  22  2:12  Photon Cannon  
  23  2:15  Probe  
  23  2:19  Assimilator  
  23  2:31  Probe  
  23  2:34  Stalker (Chrono Boost)  
  26  2:41  Shield Battery  
  26  2:47  Robotics Facility  
  26  2:55  Stalker (Chrono Boost)  
  28  3:04  Shield Battery  
  28  3:11  Pylon  
  28  3:16  Stalker  
  30  3:32  Warp Gate  
  30  3:33  Immortal (Chrono Boost)  
  34  3:50  Shield Battery  
  34  3:54  Pylon  
  34  4:05  Warp Prism (Chrono Boost)  
  36  4:16  Robotics Bay  
  36  4:29  Gateway  
  36  4:48  Immortal (Chrono Boost)  
  40  5:07  Gateway  
  40  5:20  Stalker  
Tags
 
Add a new tag
Caveats
  • Supply blocks, unpowered buildings, or Contaminate may cause inaccurate times.
  • Supply counts are checked every 10 seconds.